AoeStats
← Clueless Clown

MegaRandom

506563929Analyzed
3v3 RM · 17d ago on Sep 14, 2026· 51m 12s· 6 players
Game mode
Random Map
Map size
Normal (6 player)
Population
200
Speed
Normal
Resources
Standard
Victory
Conquest
Starting age
Dark Age
Ending age
Imperial Age
RankedLock teamsTeams togetherTeam positionsShared explorationLock speedFull tech treeHidden civsTurbo modeCheats
Victory
Defeat
🇨🇱 Mapuche · Chile
1026
+14
🇨🇱 Persians · Chile
1024
+14
🇦🇷 Franks · Argentina
1022
+14
🇺🇸 Jurchens · United States
1056
-16
🇨🇱 Britons · Chile
970
-14
🇨🇱 Franks · Chile
934
-12
argentineau
6:22 Loom
10:51 Feudal Age
11:19 Double-Bit Axe
16:08 Castle Age
17:09 Wheelbarrow
17:58 Town Watch
28:12 Bow Saw
29:52 Scale Mail Armor
34:33 Imperial Age
33:15 Hand Cart
40:08 Forging
40:03 Scale Barding Armor
41:37 Iron Casting
40:32 Cavalier
41:13 Husbandry
diego02041989
11:26 Loom
13:55 Feudal Age
14:14 Horse Collar
14:20 Double-Bit Axe
14:16 Fishing Lines
17:08 Wheelbarrow
18:01 Gold Mining
22:57 Castle Age
23:03 Stone Mining
24:19 Man-at-Arms
29:42 Hand Cart
32:31 Gillnets
35:13 Imperial Age
33:34 Gold Shaft Mining
33:34 Stone Shaft Mining
33:14 Forging
33:09 Scale Barding Armor
32:56 Fletching
33:06 Padded Archer Armor
34:05 Husbandry
34:16 Bloodlines
35:31 Iron Casting
35:16 Chain Barding Armor
38:50 Blast Furnace
38:01 Cavalier
39:37 Savar
43:46 Plate Barding Armor
47:41 Conscription
47:23 Kamandaran
47:38 Citadels
48:05 Hoardings
49:52 Caravan
50:22 Coinage
50:02 Guilds
Paquesito
7:43 Loom
11:58 Feudal Age
13:16 Wheelbarrow
13:22 Wheelbarrow
17:22 Castle Age
16:32 Double-Bit Axe
16:28 Horse Collar
16:41 Stone Mining
16:41 Champi Runner
18:08 Forging
24:44 Bow Saw
25:14 Medium Warships
26:29 Heavy Plow
27:41 Murder Holes
29:54 Treadmill Crane
33:32 Imperial Age
34:04 Town Watch
36:13 Chemistry
37:29 Conscription
37:30 Hand Cart
37:31 Onager
38:40 Town Patrol
40:36 Champi Warrior
41:18 Scale Mail Armor
41:53 Iron Casting
41:40 Arson
42:19 Elite Champi Warrior
44:27 Chain Mail Armor
45:13 Blast Furnace
45:37 Blast Furnace
48:20 Caravan
51:14 Plate Mail Armor
J4MAL MURR4Y
10:34 Feudal Age
14:30 Loom
19:35 Castle Age
19:32 Double-Bit Axe
22:20 Bow Saw
23:52 Town Watch
23:55 Loom
26:07 Wheelbarrow
27:55 Horse Collar
29:34 Heavy Plow
31:45 Fletching
31:56 Padded Archer Armor
32:48 Hand Cart
35:59 Imperial Age
35:40 Bodkin Arrow
36:01 Leather Archer Armor
36:24 Ballistics
36:55 Yeomen
38:08 Conscription
38:27 Bracer
38:57 Ring Archer Armor
40:06 Chemistry
39:04 Pikeman
39:30 Gambesons
40:18 Forging
40:11 Scale Mail Armor
39:41 Halberdier
43:02 Murder Holes
43:59 Iron Casting
43:39 Chain Mail Armor
50:34 Plate Mail Armor
50:36 Ring Archer Armor
51:07 Blast Furnace
50:35 Crossbowman
cplenz
11:59 Feudal Age
10:14 Loom
22:46 Castle Age
22:00 Fletching
24:35 Bodkin Arrow
28:29 Double-Bit Axe
32:13 #83
37:37 Imperial Age
37:49 Cavalier
38:30 Husbandry
38:39 Scale Barding Armor
38:45 Forging
Clueless Clown
8:04 Loom
10:52 Feudal Age
15:18 Castle Age
14:02 Scale Mail Armor
16:02 Squires
15:59 Double-Bit Axe
17:55 Gambesons
18:29 Arson
19:28 Horse Collar
21:46 Wheelbarrow
23:54 Bow Saw
27:26 Hand Cart
27:35 Fletching
30:16 Bodkin Arrow
31:08 Heavy Plow
35:36 Imperial Age
35:00 Bloodlines
34:50 Husbandry
35:51 Scale Barding Armor
35:56 Forging
36:30 Bracer
36:54 Ballistics
36:18 Elite Steppe Lancer
37:26 Conscription
37:57 Fortified Bastions
39:43 Chemistry
44:41 Chain Barding Armor
47:10 Plate Barding Armor
47:10 Iron Casting
Connection lost

Rejoining the realm…

Still unreachable

The connection could not be restored.

Session expired

The server has moved on; the page needs a fresh start.